 Dungeon Crawl Stone Soup version 0.27-a0-1202-ge72e49191c (webtiles) character file.

Game seed: 4604199066866314334

130 sanka the Skirmisher (level 5, -5/42 HPs)
             Began as a Djinni Artificer on June 4, 2021.
             Killed by divine providence
             ... invoked by an orc priest
              (11 damage)
             ... on level 3 of the Dungeon.
             The game lasted 00:06:20 (4053 turns).

sanka the Skirmisher (Djinni Artificer)             Turns: 4053, Time: 00:06:20

Health: -5/42      AC:  4    Str: 11    XL:     5   Next: 36%
Gold:   95         EV: 11    Int: 14    God:
                   SH:  0    Dex: 13

rFire    + + .     SeeInvis .   i - +1 short sword (flame)
rCold    x . .     Faith    +   (no shield)
rNeg     . . .     Spirit   .   b - +0 leather armour
rPois    ∞         Reflect  .   (no helmet)
rElec    .         Harm     .   k - +0 cloak
rCorr    .         Rampage  .   (no gloves)
Will     .....                  (boots unavailable)
Stlth    +.........             f - amulet of faith
HPRegen  0.14/turn              (no ring)
MPRegen  0.00/turn              (no ring)

@: flying
A: sickness immunity, fire resistance 2, cold vulnerability 1, float, innate
caster, hp casting, extra vitality 1
a: no special abilities


You were on level 3 of the Dungeon.
You visited 1 branch of the dungeon, and saw 4 of its levels.

You collected 95 gold pieces.


Innate Abilities, Weirdness & Mutations

You are immune to sickness and miasma.
You are immune to poison.
Your flesh is very heat resistant. (rF++)
You are vulnerable to cold. (rC-)
You float through the air rather than walking.
You learn spells naturally, not from books.
Your magical power is your life essence.
You have superior vitality. (+4 HP)


   Skills:
 - Level 4.3 Fighting
 - Level 1.0 Armour
 - Level 2.1 Dodging
 - Level 0.7 Stealth
 + Level 1.1 Spellcasting
 - Level 3.0 Evocations


You had 3 spell levels left.
You knew the following spells:

 Your Spells              Type           Power      Damage    Failure   Level
z - Call Imp              Summ           4%         N/A       32%         2
Z - Animate Skeleton      Necr           8%         N/A       22%         1
Your spell library was empty.

Inventory:

Hand Weapons
 a - a +0 club
 i - a +1 short sword of flaming (weapon)
Armour
 b - a +0 leather armour (worn)
 k - a +0 cloak (worn)
Magical Staves
 o - a staff of fire
Jewellery
 f - an amulet of faith (around neck)
Wands
 c - a wand of flame (15) (quivered)
 d - a wand of charming (15)
Scrolls
 g - a scroll of blinking {unknown}
 h - a scroll of identify {unknown}
 m - a scroll of fear {unknown}
 p - a scroll of enchant armour {unknown}
Potions
 j - a potion of degeneration {unknown}
 l - a potion of haste {unknown}
 n - a potion of invisibility {unknown}
 q - a potion of lignification {unknown}
 r - a potion of might {unknown}
 s - a potion of flight {unknown}
Miscellaneous
 e - a piece from Xom's chessboard (15/15)

Dungeon Overview and Level Annotations

Branches:
Dungeon (4/15)
 Temple: D:4-7

Altars:

...▒ ▒......▒▒...▒..▒.......
▒▒.▒ ▒......▒▒...▒▒.▒.......
▒.▒▒▒▒▒▒▒▒......▒▒...▒▒.▒.......
▒...............▒▒...▒▒.▒.......
▒...............▒▒...▒▒.▒▒▒.▒▒▒▒
▒............▒▒▒▒▒...▒▒..▒▒.▒
▒............▒▒▒▒▒▒▒▒▒▒▒.▒▒.▒
▒.....................▒▒'▒▒.▒
▒......).......R............▒
▒.▒▒▒▒▒▒▒▒▒▒▒...............▒
▒.▒▒▒▒▒▒▒ ▒...............▒
▒▒.......▒ ▒.........5.....▒
.(.......▒ ▒.........).....▒
.........▒ ▒........5▒▒▒▒..▒▒▒▒
........▒▒ ▒.........o....>...▒
........▒ ▒....(........o.#..▒
........▒ ▒..................▒


You could see an orc priest (ally target) and 2 friendly crimson imps.


Message History

Unknown command.
The orc priest hits you with a +0 hand axe!
* * * LOW HITPOINT WARNING * * *
You fly upwards.
There is a stone staircase leading down here.
A beastly little devil appears in a puff of flame.
Your crimson imp says, "I'm here!"
* * * LOW HITPOINT WARNING * * *
The orc priest hits you but does no damage.
A beastly little devil appears in a puff of flame.
* * * LOW HITPOINT WARNING * * *
The orc priest hits you with a +0 hand axe.
* * * LOW HITPOINT WARNING * * *
Your crimson imp hits the orc priest but does no damage.
Your crimson imp barely misses the orc priest.
Your crimson imp hits the orc priest but does no damage.
The orc priest hits your crimson imp with a +0 hand axe.
Your crimson imp hits the orc priest but does no damage.
Your crimson imp hits the orc priest but does no damage.
The orc priest hits your crimson imp with a +0 hand axe.
Your crimson imp barely misses the orc priest.
Your crimson imp hits the orc priest.
The orc priest hits your crimson imp but does no damage.
The orc priest hits your crimson imp with a +0 hand axe.
Your crimson imp hits the orc priest.
Your crimson imp hits the orc priest but does no damage.
The orc priest miscasts a cantrip.
The orc priest calls down the wrath of Beogh upon you.
Beogh smites you!
You die...

Action                   |  1- 3 |  4- 6 || total
-------------------------+-------+-------++-------
Melee: Club              |    35 |       ||    35
       Short sword       |    79 |    71 ||   150
 Cast: Call Imp          |       |     3 ||     3
 Stab: Sleeping          |     2 |       ||     2
Armor: Leather armour    |    47 |    15 ||    62
Dodge: Dodged            |    81 |    41 ||   122

Levels and vault maps discovered:
D:1:      scummos_arrival_star, layout_basic,
          shapermc_ecumenical_altar_starsandcircs
D:2:      layout_loops_ring, uniq_terence
D:3:      layout_basic
D:4:      layout_loops_ring, pf_just_have_faith, uniq_grinder

Notes
Turn   | Place    | Note
-------+----------+-------------------------------------------
     0 | D:1      | sanka the Djinni Artificer began the quest for the Orb.
     0 | D:1      | Reached XP level 1. HP: 17/17 MP: 0/0
   142 | D:1      | Reached skill level 2 in Fighting
   142 | D:1      | Reached XP level 2. HP: 23/23 MP: 0/0
   358 | D:1      | Found a faded altar of an unknown god.
   610 | D:1      | Reached XP level 3. HP: 22/29 MP: 0/0
   610 | D:1      | Learned a level 1 spell: Animate Skeleton
  1025 | D:2      | Reached skill level 3 in Fighting
  1932 | D:2      | Reached XP level 4. HP: 28/35 MP: 0/0
  2032 | D:2      | Noticed Terence
  2053 | D:2      | Killed Terence
  2054 | D:2      | Reached skill level 4 in Fighting
  3191 | D:3      | Reached XP level 5. HP: 33/42 MP: 0/0
  3191 | D:3      | Learned a level 2 spell: Call Imp
  3811 | D:3      | Reached skill level 1 in Spellcasting
  3987 | D:4      | Noticed an ice beast
  4041 | D:3      | HP: 4/42 [orc priest/+0 hand axe (4)]
  4053 | D:3      | Killed from afar by an orc priest

Vanquished Creatures
  Terence (D:2)
  An adder (D:2)
  2 worms (D:2)
  3 dart slugs
  7 orcs
  4 endoplasms
  2 giant cockroaches (D:1)
  8 goblins
  3 hobgoblins
  5 jackals
  6 kobolds
  2 quokkas (D:2)
  4 ball pythons
  5 bats (D:1)
  4 frilled lizards
  2 rats (D:3)
59 creatures vanquished.

Vanquished Creatures (collateral kills)
  An orc wizard (D:3)
1 creature vanquished.

Grand Total: 60 creatures vanquished
